 Dungeon Crawl Stone Soup version 0.30-a0-368-g86fb4627a9 (webtiles) character file.

Game seed: 17597125406420375700

73 porpoise the Magician (level 4, 0/34 HPs)
             Began as a Djinni Fire Elementalist on Nov 20, 2022.
             Slain by Natasha (6 damage)
             ... on level 3 of the Dungeon.
             The game lasted 00:06:29 (1877 turns).

porpoise the Magician (Djinni Fire Elementalist)    Turns: 1877, Time: 00:06:31

Health: 0/34       AC:  2    Str:  7    XL:     4   Next: 51%
Gold:   132        EV: 12    Int: 18    God:
                   SH:  0    Dex: 14

rFire   + + .      SeeInvis .    a - +0 dagger
rCold   x . .      Faith    .    (no shield)
rNeg    . . .      Spirit   .    f - +0 robe
rPois   ∞          Reflect  .    (no helmet)
rElec   .          Harm     .    (no cloak)
rCorr   .          Rampage  .    (no gloves)
Will    .....                    (boots unavailable)
Stlth   ++........               (no amulet)
HPRegen 0.25/turn                (no ring)
MPRegen 0.00/turn                (no ring)

@: flying, slowed, very slow
A: sickness immunity, fire resistance 2, cold vulnerability 1, float, innate
caster, HP casting, extra vitality 1
a: no special abilities


You were on level 3 of the Dungeon.
You visited 1 branch of the dungeon, and saw 3 of its levels.

You collected 132 gold pieces.

Inventory:

Hand Weapons
 a - a +0 dagger (weapon)
 b - a +0 sling
Armour
 f - a +0 robe (worn)
Scrolls
 c - a scroll of immolation {unknown}
 e - a scroll of magic mapping {unknown}
 j - 2 scrolls of teleportation {unknown}
 l - 2 scrolls of enchant armour {unknown}
 n - 2 scrolls of butterflies {unknown}
Potions
 d - 2 potions of curing {unknown}
 g - a potion of brilliance {unknown}
 h - a potion of might {unknown}
 i - a potion of resistance
 k - a potion of flight {unknown}
 m - a potion of heal wounds {unknown}
 o - a potion of attraction {unknown}


   Skills:
 + Level 2.5 Fighting
 - Level 2.1 Dodging
 - Level 1.5 Stealth
 + Level 3.2 Spellcasting


You couldn't memorise any spells.
You knew the following spells:

 Your Spells              Type           Power      Damage    Failure   Level
a - Foxfire               Conj/Fire      56%        2x1d6     4%          1
b - Scorch                Fire           28%        2d6       6%          2
c - Kindle Blastsparks    Fire/Tloc/Air  28%        2d12      13%         3
d - Inner Flame           Hex/Fire       14%        N/A       13%         3
e - Flame Wave            Conj/Fire      14%        2d6       38%         4
f - Freeze                Ice            56%        1d7       4%          1
Your spell library was empty.

Dungeon Overview and Level Annotations

Branches:
Dungeon (3/15)

Altars:

Annotations:
D:3 Natasha


Innate Abilities, Weirdness & Mutations

You are immune to sickness and miasma.
You are immune to poison.
Your flesh is very heat resistant. (rF++)
You are vulnerable to cold. (rC-)
You float through the air rather than walking.
You learn spells naturally, not from books.
Your magical power is your life essence.
You have superior vitality. (+4 MHP)


Message History

You conjure some foxfire!
The shadow imp shouts, "Remove thy stench, thou rough-hewn hasty-witted slime mould!"
The shadow imp hits you.
Natasha stares at you and mumbles some strange words.
The magic dart hits you.
Casting: Foxfire (safe; 4% risk of failure)
Confirm with . or Enter, or press ? or * to list all spells.
Flames lash the shadow imp.
The shadow imp is severely wounded.
The shadow imp's fire resistance burns away.
You hear a shout! x2
The foxfire hits the shadow imp.
The shadow imp is almost dead.
The foxfire hits the shadow imp but does no damage.
The shadow imp is almost dead.
The shadow imp closely misses you. Natasha barely misses you.
The shadow imp completely misses you.
You hear a shout!
Casting: Scorch (safe; 6% risk of failure)
Confirm with . or Enter, or press ? or * to list all spells.
Flames lash the shadow imp.
The shadow imp is burned terribly!
You kill the shadow imp!
The shadow imp disappears in a puff of smoke!
Natasha misses you.
An orc comes into view. It is wielding a +0 flail.
Natasha claws you!
Casting: Scorch (safe; 6% risk of failure)
Confirm with . or Enter, or press ? or * to list all spells.
Flames lash Natasha.
Natasha resists.
Natasha is lightly wounded.
Natasha's fire resistance burns away.
Natasha claws you!
* * * LOW HITPOINT WARNING * * *
Unknown command.
Casting: Scorch (safe; 6% risk of failure)
Confirm with . or Enter, or press ? or * to list all spells.
You conjure some foxfire!
* * * LOW HITPOINT WARNING * * *
The orc falls through a shaft!
The shaft crumbles and collapses.
Natasha claws you.
You die...

### # ##.##
####.###### ##.#.##
#.....h...####.###.##
#.....v@.........##.#
..o...v..<##.#.#.#.##
°.##.####.##.##...##
# #.##.###.#######
#.##.# #........
#.##.# ##.......
#.##.# ##.######
#.##.###...#####
...>..........


You could see Natasha (resistant, combustible, ally target) and an orc.

Vanquished Creatures
  2 adders
  3 worms
  A dart slug (D:3)
  An orc (D:2)
  8 ball pythons
  3 endoplasms
  3 hobgoblins
  2 quokkas
  8 bats
  2 frilled lizards
  2 goblins (D:1)
  5 kobolds
  6 rats
46 creatures vanquished.

Vanquished Creatures (others)
  106 foxfires
106 creatures vanquished.

Grand Total: 152 creatures vanquished

Notes
Turn   | Place    | Note
-------+----------+-------------------------------------------
     0 | D:1      | porpoise the Djinni Fire Elementalist began the quest for
                  | the Orb.
     0 | D:1      | porpoise set off with the following spells memorised:
                  | Foxfire, Scorch, Kindle Blastsparks, Inner Flame, Flame
                  | Wave.
     0 | D:1      | Reached XP level 1. HP: 15/15 MP: 0/0
   190 | D:1      | Reached skill level 1 in Fighting
   190 | D:1      | Reached XP level 2. HP: 22/22 MP: 0/0
   544 | D:1      | Reached XP level 3. HP: 26/27 MP: 0/0
   544 | D:1      | Learned a level 1 spell: Freeze
  1079 | D:2      | Reached skill level 3 in Spellcasting
  1319 | D:2      | Reached XP level 4. HP: 33/33 MP: 0/0
  1868 | D:3      | Noticed Natasha
  1877 | D:3      | Slain by Natasha

Illustrated notes

Levels and vault maps discovered:
D:1:      evilmike_arrival_rings, layout_basic, serial_forest,
          infiniplex_forest_lined_4_way, infiniplex_forest_lined_4_way,
          infiniplex_forest_lined_room_, infiniplex_forest_lined_room_,
          infiniplex_forest_lined_1, infiniplex_forest_lined_4_way,
          infiniplex_forest_lined_corner
D:2:      layout_basic
D:3:      layout_loops_ring, minmay_circle_x, uniq_crazy_yiuf_cottage,
          uniq_natasha

Skill      XL: |  1  2  3 |
---------------+----------+-----
Fighting       | 1 2 |  2.5
Spellcasting   | 3 |  3.2
Dodging        | |  2.1
Stealth        | |  1.5

Action                   |  1- 3 |  4- 6 || total
-------------------------+-------+-------++-------
Melee: Unarmed           |     3 |       ||     3
       Dagger            |     4 |       ||     4
 Cast: Foxfire           |    42 |    23 ||    65
       Scorch            |     2 |     5 ||     7
Armor: Robe              |     6 |       ||     6
Dodge: Dodged            |    13 |     4 ||    17

Table legend: (Time is in decaauts)
 A = Elapsed time spent in this place.
 B = Non-inter-level travel time spent in this place.
 C = Inter-level travel time spent in this place.
 D = Time resting spent in this place.
 E = Time spent auto-exploring this place.
 F = Levels seen in this place.
 G = Mean time per level.
                   A        B        C        D        E       F      G
               +--------+--------+--------+--------+--------+-----+--------+
         Total |   1878 |   1830 |     48 |     52 |   1454 |   3 |  626.0 |
       Dungeon |   1878 |   1830 |     48 |     52 |   1454 |   3 |  626.0 |
               +--------+--------+--------+--------+--------+-----+--------+

Top non-repeatable levels by time:
     D:1: 949 daAuts
     D:2: 730 daAuts
     D:3: 198 daAuts
